AoeStats
← xr0015

Black Forest

510450009Analyzed
4v4 RM · 1d ago on Oct 1, 2026· 56m 0s· 8 players
Game mode
Random Map
Map size
Large (8 player)
Population
200
Speed
Normal
Resources
Standard
Victory
Conquest
Starting age
Dark Age
Ending age
Imperial Age
RankedLock teamsTeams togetherTeam positionsShared explorationLock speedFull tech treeHidden civsTurbo modeCheats
Victory
Defeat
🇺🇸 Khmer · United States
1051
+10
🇺🇸 Lithuanians · United States
1033
+11
🇨🇦 Bohemians · Canada
998
+12
🇺🇸 Shu · United States
856
+18
🇧🇷 Romans · Brazil
946
-14
🇨🇳 Franks · China
918
-13
🇲🇽 Khmer · Mexico
887
-12
🇪🇸 Saxons · Spain
883
-12
Machetekills135
0:29 Loom
12:21 Feudal Age
19:36 Castle Age
18:27 Double-Bit Axe
24:52 Wheelbarrow
27:37 Horse Collar
29:16 Hand Cart
29:22 Heavy Plow
33:41 Bow Saw
37:21 Imperial Age
39:10 Bloodlines
39:01 Husbandry
40:17 Elite Battle Elephant
41:14 Gold Mining
42:19 Onager
43:40 Scale Barding Armor
43:45 Forging
43:35 Scale Mail Armor
43:47 Double Crossbow
43:48 Tusk Swords
43:29 Light Cavalry
46:16 Iron Casting
46:01 Chain Barding Armor
56:17 Chemistry
55:37 Ballistics
55:08 Heated Shot
Sleep's Vessel
7:04 Loom
9:10 Feudal Age
17:28 Castle Age
15:59 Double-Bit Axe
15:57 Horse Collar
18:40 Wheelbarrow
26:16 Heavy Plow
28:07 Hand Cart
34:07 Imperial Age
31:45 Town Watch
32:05 Caravan
33:47 Squires
33:32 Arson
33:14 Clerical Recruitment
34:17 Town Patrol
34:50 Bow Saw
34:32 Gold Mining
34:32 Stone Mining
35:15 Forging
35:05 Scale Mail Armor
34:57 Fletching
35:07 Padded Archer Armor
35:14 Scale Barding Armor
34:58 Elite Hearth Troop
36:11 Conscription
35:15 Shield Wall
36:57 Iron Casting
37:22 Chain Mail Armor
37:02 Bodkin Arrow
38:04 Leather Archer Armor
39:10 Hoardings
39:00 Bloodlines
38:50 Husbandry
38:44 Cavalier
39:54 Chain Barding Armor
40:38 Two-Man Saw
40:16 Gold Shaft Mining
40:48 Light Cavalry
42:09 Thumb Ring
41:26 Cranequins
41:26 Heavy Mounted Crossbowman
42:31 Ballistics
43:12 Chemistry
44:12 Elite Varangian Guard
44:58 Onager
46:31 Plate Mail Armor
xr0015
0:40 Loom
12:07 Feudal Age
12:41 Horse Collar
13:19 Double-Bit Axe
20:10 Castle Age
27:20 Bow Saw
27:10 Heavy Plow
29:43 Imperial Age
27:30 Gold Mining
28:40 Town Watch
29:32 Wheelbarrow
29:49 Scale Mail Armor
30:36 Caravan
29:59 Man-at-Arms
31:09 Chain Mail Armor
30:56 Pikeman
30:58 Long Swordsman
32:01 Halberdier
33:42 Squires
33:48 Scale Barding Armor
34:10 Fletching
34:32 Forging
34:07 Legionary
34:54 Padded Archer Armor
36:31 Comitatenses
36:49 Iron Casting
36:37 Ballistics
37:14 Conscription
36:16 Elite Skirmisher
36:54 Bodkin Arrow
38:02 Chemistry
39:48 Leather Archer Armor
40:34 Blast Furnace
41:03 Ring Archer Armor
43:42 Chain Barding Armor
45:37 Plate Barding Armor
45:50 Gold Shaft Mining
45:09 Stone Mining
46:41 Masonry
磐石
0:28 Loom
12:28 Feudal Age
13:44 Man-at-Arms
15:16 Forging
15:06 Scale Mail Armor
19:22 Castle Age
17:14 Double-Bit Axe
21:17 Bow Saw
24:16 Wheelbarrow
26:15 Hand Cart
29:35 Caravan
33:17 Imperial Age
31:16 Chain Mail Armor
31:37 Iron Casting
31:11 Long Swordsman
31:38 Gambesons
31:55 Squires
31:19 Pikeman
34:28 Iron Casting
34:02 Town Watch
33:54 Two-Handed Swordsman
33:57 Halberdier
36:21 Champion
39:03 Plate Mail Armor
39:33 Blast Furnace
39:26 Arson
40:47 Conscription
41:56 Light Cavalry
42:37 Husbandry
42:49 Scale Barding Armor
45:41 Chain Barding Armor
46:53 Cavalier
51:43 Paladin
Cypress Fever
0:27 Loom
15:01 Feudal Age
22:31 Wheelbarrow
22:30 Double-Bit Axe
22:32 Horse Collar
22:46 Stone Mining
22:46 Gold Mining
26:36 Castle Age
27:32 Hand Cart
27:32 Bow Saw
27:27 Heavy Plow
30:47 Gold Shaft Mining
38:21 Imperial Age
37:28 Squires
37:14 Arson
37:15 Gambesons
36:50 Pikeman
37:28 Fletching
37:39 Padded Archer Armor
37:39 Scale Mail Armor
37:50 Forging
37:53 Masonry
37:55 Fortified Wall
38:06 Ballistics
37:27 Treadmill Crane
37:38 Heated Shot
39:02 Bodkin Arrow
39:22 Leather Archer Armor
39:19 Coiled Serpent Array
39:25 Bolt Magazine
39:47 Conscription
38:52 Pikeman
39:42 Thumb Ring
38:58 Crossbowman
38:59 Elite Skirmisher
41:01 Chemistry
40:19 Arbalester
42:14 Halberdier
43:21 Onager
44:53 Guard Tower
46:46 Two-Man Saw
46:13 Murder Holes
46:07 Arrowslits
HowManyMustDie
10:05 Feudal Age
15:41 Castle Age
15:03 Double-Bit Axe
15:23 Loom
15:28 Horse Collar
16:06 Loom
17:24 Bow Saw
19:05 Heavy Plow
21:16 Wheelbarrow
27:56 Hand Cart
27:40 Stone Mining
28:56 Stone Shaft Mining
28:14 Gold Mining
30:30 Caravan
31:01 Coinage
34:43 Imperial Age
32:46 Treadmill Crane
36:05 Bloodlines
35:56 Husbandry
35:36 Light Cavalry
36:39 Conscription
37:25 Chemistry
36:49 Ballistics
36:26 Murder Holes
36:43 Cavalier
37:25 Husbandry
36:46 Winged Hussar
36:58 Elite Leitis
38:28 Scale Barding Armor
38:15 Fletching
39:15 Banking
38:56 Guilds
42:14 Chain Barding Armor
43:54 Two-Man Saw
43:40 Plate Barding Armor
43:01 Bodkin Arrow
49:57 Paladin
54:05 Forging
53:57 Scale Mail Armor
53:59 Bracer
54:58 Pikeman
55:39 Squires
55:24 Arson
56:18 Iron Casting
55:59 Chain Mail Armor
55:11 Man-at-Arms
I THS I
10:36 Feudal Age
15:04 Castle Age
15:12 Castle Age
14:33 Horse Collar
16:17 Heavy Plow
21:26 Loom
22:48 Wheelbarrow
28:21 Hand Cart
29:06 Gold Mining
29:10 Double-Bit Axe
30:24 Gold Shaft Mining
29:40 Stone Mining
30:05 Bow Saw
35:18 Imperial Age
33:22 Scale Barding Armor
33:27 Forging
33:08 Fletching
33:18 Padded Archer Armor
33:47 Ballistics
33:53 Scale Mail Armor
33:49 Bodkin Arrow
34:31 Chain Barding Armor
34:47 Iron Casting
34:53 Husbandry
35:04 Bloodlines
36:06 Tusk Swords
36:27 Conscription
36:09 Double Crossbow
35:36 Light Cavalry
37:17 Crop Rotation
37:07 Bracer
37:23 Leather Archer Armor
37:44 Plate Barding Armor
38:09 Blast Furnace
37:25 Chain Mail Armor
37:06 Heavy Scorpion
37:44 Hussar
37:59 Elite Battle Elephant
38:44 Murder Holes
48:45 Caravan
clive bixby
1:05 Loom
12:54 Feudal Age
15:27 Horse Collar
18:01 Castle Age
15:43 Horse Collar
15:59 Double-Bit Axe
18:52 Heavy Plow
19:50 Bow Saw
23:42 Padded Archer Armor
25:10 Town Watch
27:47 Wheelbarrow
28:14 Fletching
28:40 Leather Archer Armor
30:06 Bodkin Arrow
32:51 Imperial Age
31:43 Chemistry
31:48 Ballistics
32:02 Scale Mail Armor
32:13 Forging
32:48 Hand Cart
32:39 Squires
32:25 Arson
33:27 Town Patrol
32:51 Pikeman
33:47 Chain Mail Armor
35:09 Plate Mail Armor
35:50 Iron Casting
34:39 Halberdier
35:16 Bodkin Arrow
36:37 Two-Man Saw
38:41 Blast Furnace
38:00 Bracer
38:30 Ring Archer Armor
38:04 Houfnice
49:05 Conscription
Connection lost

Rejoining the realm…

Still unreachable

The connection could not be restored.

Session expired

The server has moved on; the page needs a fresh start.